 Dungeon Crawl Stone Soup version 0.22.1-2-g9c5b331383 (webtiles) character file.

238 Ihlosi the Slasher (level 6, -2/47 HPs)
             Began as a Human Gladiator on Nov 23, 2018.
             Killed from afar by an orc wizard (4 damage)
             ... with a puff of flame
             ... on level 3 of the Dungeon.
             The game lasted 00:05:03 (2278 turns).

Ihlosi the Slasher (Human Gladiator)                Turns: 2278, Time: 00:05:04

Health: -2/47      AC:  5    Str: 19 (20) XL:     6   Next: 28%
Magic:  6/6        EV: 13    Int:  7 (9)  God:
Gold:   241        SH:  0    Dex: 15 (17) Spells: 5/5 levels left

rFire    . . .     SeeInvis .   a - +0 long sword
rCold    . . .     Gourm    .   (no shield)
rNeg     . . .     Faith    .   b - +0 leather armour
rPois    +         Spirit   .   c - +0 helmet
rElec    .         Reflect  .   o - +0 cloak
rCorr    +         Harm     .   (no gloves)
MR       .....                  (no boots)
Stlth    ++........             (no amulet)
HPRegen  0.15/turn              j - ring of resist corrosion
MPRegen  0.10/turn              (no ring)

@: mighty
A: agile 1, blurry vision 1, poison resistance, wild magic 1
a: no special abilities


You were on level 3 of the Dungeon.
You were not hungry.

You visited 1 branch of the dungeon, and saw 3 of its levels.

You collected 241 gold pieces.

Inventory:

Hand Weapons
 a - a +0 long sword (weapon)
Missiles
 n - 35 bolts
Armour
 b - a +0 leather armour (worn)
 c - a +0 helmet (worn)
 o - a +0 cloak (worn)
Jewellery
 j - a ring of resist corrosion (left hand)
Scrolls
 h - a scroll of magic mapping {unknown}
 k - 3 scrolls of teleportation
 l - a scroll of remove curse
Potions
 g - a potion of flight
 m - a potion of might
Comestibles
 f - 5 rations


   Skills:
 * Level 3.3 Fighting
 + Level 4.6 Long Blades
 - Level 2.0 Throwing
 * Level 2.4 Armour
 + Level 3.6 Dodging
 - Level 1.0 Stealth


You had 5 spell levels left.
You didn't know any spells.
Your spell library was empty.

Dungeon Overview and Level Annotations

Branches:
Dungeon (3/15)

Altars:
Ashenzari


Innate Abilities, Weirdness & Mutations

You are agile. (Dex +2)
Scrolls take you a little longer to read.
Your system is resistant to poisons. (rPois)
Your spells are a little harder to cast, but a little more powerful.


Message History

It was a potion of mutation.
You feel extremely strange.
You feel less in control of your magic.
Your vision blurs.
You feel agile.
You feel resistant to poisons.
The orc wizard hits you with a dagger of speed.
* * * LOW HITPOINT WARNING * * *
It was a potion of might.
You feel very mighty all of a sudden. The orc wizard closely misses you.
It was a potion of degeneration.
There was something very wrong with that liquid.
You feel weakened.
You feel dopey.
You feel clumsy. The orc wizard misses you.
You slash the orc wizard!
The orc wizard is heavily wounded.
The orc wizard misses you.
You riposte.
You slash the orc wizard!
You kill the orc wizard!
Unknown command.
A puff of flame appears from out of thin air!
The puff of flame hits you!
You die...

########## #.<.......
#.######## #.#
#.####### .# ###
#........ .#
...#.########.#
#####.#.###......####
.......@.##.. ......
#####.#..##.#
#...####.
##.#..##.###.......#
# #>.....).††)....#
.# #.###.##.###.##.#
o #.## # #.##.#
#.##(# . ...# #.##.#
#o##.# . .#
............# . ...#
.#######.#..# .


There were no monsters in sight!

Vanquished Creatures
  An orc priest (D:3)
  Jessica (D:3)
  An orc wizard (D:3)
  4 gnolls (D:2)
  A howler monkey skeleton (D:3)
  4 adders
  A worm (D:2)
  3 dart slugs
  2 leopard geckos
  2 orcs (D:3)
  3 giant cockroaches
  10 goblins
  7 hobgoblins
  6 jackals
  A quokka (D:2)
  A bat (D:1)
  5 frilled lizards
  5 kobolds
  7 rats
65 creatures vanquished.

Notes
Turn   | Place    | Note
-------+----------+-------------------------------------------
     0 | D:1      | Ihlosi the Human Gladiator began the quest for the Orb.
     0 | D:1      | Reached XP level 1. HP: 16/16 MP: 1/1
   105 | D:1      | Reached XP level 2. HP: 19/22 MP: 2/2
   491 | D:1      | Reached XP level 3. HP: 25/27 MP: 3/3
   628 | D:1      | Reached skill level 1 in Stealth
   751 | D:2      | Reached skill level 1 in Armour
  1085 | D:2      | Reached XP level 4. HP: 34/34 MP: 4/4
  1429 | D:2      | Reached XP level 5. HP: 10/40 MP: 5/5
  2004 | D:3      | Reached skill level 4 in Long Blades
  2019 | D:3      | Found a shattered altar of Ashenzari.
  2050 | D:3      | Noticed Jessica
  2075 | D:3      | Killed Jessica
  2265 | D:3      | Reached XP level 6. HP: 29/47 MP: 6/6
  2272 | D:3      | Gained mutation: Your spells are a little harder to cast,
                  | but a little more powerful. [potion of mutation]
  2272 | D:3      | Gained mutation: Scrolls take you a little longer to read.
                  | [potion of mutation]
  2272 | D:3      | Gained mutation: You are agile. (Dex +2) [potion of
                  | mutation]
  2272 | D:3      | Gained mutation: Your system is resistant to poisons.
                  | (rPois) [potion of mutation]
  2272 | D:3      | HP: 1/47 [orc wizard/dagger of speed (3)]
  2278 | D:3      | Killed from afar by an orc wizard

Skill      XL: |  1  2  3  4  5 |
---------------+----------------+-----
Stealth        | 1 |  1.0
Armour         | 1 2 |  2.4
Long Blades    | 4 |  4.6
Fighting       | 3 |  3.3
Throwing       | |  2.0
Dodging        | |  3.6

Action                   |  1- 3 |  4- 6 || total
-------------------------+-------+-------++-------
Melee: Long sword        |    93 |   125 ||   218
Throw: Throwing net      |       |     6 ||     6
  Use: Scroll            |       |     5 ||     5
       Potion            |       |     5 ||     5
 Stab: Sleeping          |     1 |       ||     1
  Eat: Chunk             |       |     5 ||     5
Armor: Leather armour    |    30 |    29 ||    59
Dodge: Dodged            |    78 |    85 ||   163
       Rpst.: Long sword |    24 |    28 ||    52
